 Dungeon Crawl Stone Soup version 0.29.1-1-gd02db6906a (webtiles) character file.

Game seed: 17889080811507303296

980 Demigod47 the Cudgeller (level 7, -1/61 HPs)
             Began as a Minotaur Fighter on Oct 7, 2022.
             Slain by a hornet (12 damage)
             ... on level 5 of the Dungeon.
             The game lasted 00:08:51 (5877 turns).

Demigod47 the Cudgeller (Minotaur Fighter)          Turns: 5877, Time: 00:08:51

Health: -1/61      AC:  9    Str: 23      XL:     7   Next: 96%
Magic:  6/6        EV:  8    Int:  5      God:
Gold:   265        SH:  7    Dex:  4 (9)  Spells: 6/6 levels left

rFire   . . .      SeeInvis .   p - +0 morningstar
rCold   . . .      Faith    .   i - +0 kite shield
rNeg    . . .      Spirit   .   b - +0 scale mail
rPois   .          Reflect  .   (helmet restricted)
rElec   .          Harm     .   d - +0 cloak
rCorr   .          Rampage  .   (no gloves)
Will    .....                   (no boots)
Stlth   ..........              (no amulet)
HPRegen 0.20/turn               (no ring)
MPRegen 0.10/turn               (no ring)

@: lethally poisoned (-1 -> -9), slowed, studying 2 skills, very slow
A: horns 2, retaliatory headbutt
a: no special abilities


You were on level 5 of the Dungeon.
You visited 1 branch of the dungeon, and saw 5 of its levels.

You collected 265 gold pieces.

Inventory:

Hand Weapons
 a - a +0 flail
 p - a +0 morningstar (weapon)
Armour
 b - a +0 scale mail (worn)
 c - a +0 buckler
 d - a +0 cloak (worn)
 i - a +0 kite shield (worn)
Jewellery
 k - a ring of positive energy
 n - a +6 ring of dexterity
Wands
 l - a wand of mindburst (15)
Scrolls
 e - a scroll of immolation
 g - 2 scrolls of identify
Potions
 h - a potion of curing
 j - a potion of ambrosia
 m - a potion of flight


   Skills:
 + Level 5.1 Fighting
 + Level 6.7 Maces & Flails
 + Level 6.5 Armour
 + Level 3.6 Dodging
 + Level 0.8 Stealth
 + Level 5.4 Shields


You had 6 spell levels left.
You didn't know any spells.
Your spell library was empty.

Dungeon Overview and Level Annotations

Branches:
Dungeon (5/15)
 Temple: D:4-7

Altars:
Ashenzari
Cheibriados
Fedhas
Makhleb
Nemelex Xobeh

Shops:
D:4 (


Innate Abilities, Weirdness & Mutations

You have a pair of horns on your head.
You reflexively headbutt those who attack you in melee.


Message History

There is an open door here.
An orc is nearby!
A hornet comes into view.
The hornet buzzes angrily.
You puncture the orc!
You kill the orc!
Things that are here:
a +0 hand axe; an orc corpse The hornet barely misses you.
You barely miss the hornet.
The hornet stings you but does no damage. x2
You hit the hornet but do no damage.
The hornet stings you but does no damage.
The hornet stings you!
You feel yourself slow down.
You hit the hornet but do no damage. The hornet stings you.
You feel as though you will be slow longer.
The hornet stings you!
You suddenly lose the ability to move!
The hornet stings you!
You shrug off the repeated paralysis!
You can move again.
You miss the hornet. You headbutt the hornet.
The hornet is lightly wounded.
The hornet closely misses you. You block the hornet's attack. x2
You miss the hornet.
The hornet is lightly wounded.
You feel yourself speed up. The hornet stings you.
You are poisoned.
You feel yourself slow down. You block the hornet's attack.
You feel better.
You feel yourself speed up. The hornet stings you!
You are poisoned.
You feel yourself slow down. You block the hornet's attack.
The hornet stings you!
* * * LOW HITPOINT WARNING * * *
You feel as though you will be slow longer.
* * * LOW HITPOINT WARNING * * *
You feel very sick. The hornet stings you!
You die...

##...# #.........
...#.. #.........
......# #.........
....... #.........
.......###.........
..⌠.....##.........
......#.##.........
.......y@..........
.......####'########
.#...###..#....#...#
...# #....'....#...#
.# #......#....#...#
.......#....#...#
.......#...##...#
.......###'##...#
.......#........#


You could see a hornet.

Vanquished Creatures
  The ghost of topfpfpflanze the Sneak, an amateur KoEn (D:4)
  Menkaure (D:4)
  A black bear (D:4)
  A phantom (D:3)
  A scorpion (D:4)
  2 hounds (D:4)
  A jelly (D:4)
  3 quasits (D:4)
  Crazy Yiuf (D:2)
  Jessica (D:2)
  2 orc wizards (D:4)
  4 gnolls (D:3)
  5 adders
  2 worms
  A dart slug (D:1)
  6 orcs
  11 endoplasms
  2 giant cockroaches
  10 goblins
  7 hobgoblins
  10 quokkas
  8 ball pythons
  5 bats (D:1)
  3 frilled lizards
  7 kobolds
  5 rats
101 creatures vanquished.

Notes
Turn   | Place    | Note
-------+----------+-------------------------------------------
     0 | D:1      | Demigod47 the Minotaur Fighter began the quest for the Orb.
     0 | D:1      | Reached XP level 1. HP: 19/19 MP: 0/0
   244 | D:1      | Reached XP level 2. HP: 26/27 MP: 1/1
   654 | D:1      | Reached XP level 3. HP: 33/33 MP: 2/2
  1137 | D:2      | Identified the +9 short sword of the Crawling Thing {flame,
                  | rPois Int+8 Dex+2}
  1429 | D:2      | Noticed Jessica
  1432 | D:2      | Killed Jessica
  1433 | D:2      | Reached skill level 1 in Dodging
  1433 | D:2      | Reached XP level 4. HP: 35/40 MP: 3/3
  1636 | D:2      | Found a runed translucent door.
  1637 | D:2      | Noticed Crazy Yiuf
  1647 | D:2      | Killed Crazy Yiuf
  2190 | D:3      | Found a blossoming altar of Fedhas.
  2230 | D:3      | HP: 2/40 [orc/+0 mace (4)]
  3031 | D:3      | Found a burning altar of Makhleb.
  3094 | D:3      | Reached XP level 5. HP: 23/46 MP: 4/4
  3323 | D:3      | Reached skill level 5 in Armour
  3529 | D:3      | Found a faded altar of an unknown god.
  3551 | D:3      | Found a sparkling altar of Nemelex Xobeh.
  3872 | D:3      | Found a broken altar of Ashenzari.
  3928 | D:3      | Noticed a phantom
  3931 | D:3      | Killed a phantom
  3932 | D:3      | Reached XP level 6. HP: 48/53 MP: 5/5
  3944 | D:3      | Found a snail-covered altar of Cheibriados.
  4323 | D:4      | Noticed topfpfpflanze's ghost (amateur KoEn)
  4324 | D:4      | Found a transporter.
  4335 | D:4      | Noticed Menkaure
  4343 | D:4      | Killed Menkaure
  4344 | D:4      | Reached skill level 5 in Maces & Flails
  4476 | D:4      | Reached XP level 7. HP: 58/60 MP: 6/6
  4646 | D:4      | Found Sugaih Lige's Weapon Shoppe.
  5160 | D:4      | Reached skill level 5 in Shields
  5353 | D:4      | Found a transporter.
  5398 | D:4      | Reached skill level 5 in Fighting
  5415 | D:4      | Killed topfpfpflanze's ghost
  5830 | D:5      | Entered Level 5 of the Dungeon
  5867 | D:5      | Noticed a hornet
  5873 | D:5      | Paralysed by a hornet for 1 turns
  5877 | D:5      | Slain by a hornet

Illustrated notes

Levels and vault maps discovered:
D:1:      nicolae_arrival_memento_mori, layout_rooms,
          hangedman_decor_peaks_small, solitary_fountain,
          grunt_decor_resistance, minmay_misc_feat_tiny
D:2:      layout_loops_ring, uniq_jessica, uniq_crazy_yiuf_cottage
D:3:      layout_basic, fedhas_altar_2, mainiacjoe_overflow_boulevard,
          slow_altar_2, mainiacjoe_overflow_surrounded_room,
          nemelex_diamond_rough_becter, shapermc_ecumenical_altar_flowoftime
D:4:      layout_basic, gammafunk_ghost_stat_death, serial_shops,
          nicolae_shop_hallway_plus, minmay_misc_feat_rows,
          minmay_manual_monstrance, uniq_menkaure
D:5:      minmay_skewed_foursquare, layout_gridville, serial_bayou_lagoon_a,
          dreamdust_princess_corridor, corexii_corridor_pit, uniq_blork_the_orc,
          uniq_pikel, uniq_ijyb

Skill      XL: |  1  2  3  4  5  6  7 |
---------------+----------------------+-----
Armour         | 4 5 6 |  6.5
Fighting       | 4 5 |  5.1
Maces & Flails | 3 4 5 6 |  6.7
Dodging        | 1 2 3 |  3.6
Shields        | 4 5 |  5.4
Stealth        | |  0.8

Action                   |  1- 3 |  4- 6 |  7- 9 || total
-------------------------+-------+-------+-------++-------
Melee: Flail             |    89 |     4 |       ||    93
       Headbutt          |     9 |    16 |     9 ||    34
       Morningstar       |       |   117 |    90 ||   207
  Use: Potion            |       |     6 |     2 ||     8
       Scroll            |       |     7 |       ||     7
Armor: Scale mail        |    52 |    59 |    83 ||   194
Dodge: Dodged            |    49 |    63 |    58 ||   170
Block: Buckler           |    14 |       |       ||    14
       Kite shield       |    23 |    58 |    60 ||   141
